 Dungeon Crawl Stone Soup version 0.18-a0-1195-g77a4f03 (webtiles) character file.

51 4thArraOfDagon the Skirmisher (level 3, 0/29 HPs)
             Began as a Demonspawn Chaos Knight on Jan 29, 2016.
             Slain by an adder (2 damage)
             ... on level 4 of the Dungeon.
             The game lasted 00:04:05 (616 turns).

4thArraOfDagon the Skirmisher (DsCK)                 Turns: 616, Time: 00:04:05

Health: 0/29       AC:  9    Str: 13    XL:     3   Next: 58%
Magic:  3/3        EV: 11    Int: 13    God:    Xom [..*...]
Gold:   99         SH:  0    Dex: 12    Spells: 0 memorised, 2 levels left

rFire  + . .     SeeInvis .     a - +0 hand axe (chaos)
rCold  . . .     Gourm    .     b - +3 leather armour
rNeg   . . .     Faith    .     (no shield)
rPois  .         Spirit   .     (no helmet)
rElec  .         Dismiss  .     l - +0 cloak
rCorr  .         Reflect  .     (no gloves)
SustAt .         Harm     .     (no boots)
MR     .....     Rnd*Tele +     k - amulet of magic regeneration
Stlth  +.........               (no ring)
                                j - ring of teleportation (curse)

@: lethally poisoned (0 -> -4), not resistant to hostile enchantments, very
unstealthy
A: yellow scales 1, fire resistance 1
a: Renounce Religion


You were on level 4 of the Dungeon.
You worshipped Xom.
You were a toy of Xom.
You were not hungry.

You visited 1 branch of the dungeon, and saw 4 of its levels.

You collected 99 gold pieces.

Inventory:

Hand Weapons
 a - a +0 hand axe of chaos (weapon)
Missiles
 e - 3 javelins (quivered)
Armour
 b - a +3 leather armour (worn)
 d - a +0 ring mail
 l - a +0 cloak (worn)
Jewellery
 j - a cursed ring of teleportation (left hand)
 k - an amulet of magic regeneration (around neck)
Wands
 g - a wand of flame (25/48)
Scrolls
 f - a scroll of identify
Comestibles
 c - 2 bread rations
 h - a chunk of flesh
 i - 2 fruits
 m - a slice of pizza


   Skills:
 + Level 3.3 Fighting
 * Level 3.3 Axes
 + Level 2.6 Armour
 - Level 0.8 Dodging


You had 2 spell levels left.
You didn't know any spells.

Dungeon Overview and Level Annotations

Branches:
Dungeon (4/15)
 Temple: D:4-7

Altars:

Annotations:
D:3 Sigmund
D:4 chonchonts's ghost, novice OpCj


Innate Abilities, Weirdness & Mutations

You are partially covered in yellow scales (AC +2).
Your flesh is heat resistant.


Message History

Found a ruby ring.
Unknown command.
The adder bites you but does no damage. The adder bites you.
* * * LOW HITPOINT WARNING * * *
You are lethally poisoned!
The adder poisons you!
You see here a scroll labeled TUNLUE MISAIRCH.
Unknown command.
n - a scroll labeled TUNLUE MISAIRCH
* * * LOW HITPOINT WARNING * * *
You feel sick. The adder bites you but does no damage.
Unknown command.
Read which item? (? for menu, Esc to quit)
As you read the scroll labeled TUNLUE MISAIRCH, it crumbles to dust.
It is a scroll of enchant armour.
Enchant which item? (? for menu, Esc to quit)
Your +2 leather armour glows green for a moment.
The adder bites you.
You die...
Xom laughs nastily!

#.########..###
#....?........#
#.....(.......#
#).........=..#
##.............
.......(.....
#......S.# #
#.?.@O.#
#.######.#
#.#....#.#
#......#.#
#####.K...#.###
...........W...
.....o.<.......
...............
......####.....


You could see an ogre and an adder.

Vanquished Creatures
  An adder (D:4)
  A giant gecko (D:3)
  3 orcs
  A ball python (D:2)
  3 giant cockroaches
  2 hobgoblins (D:1)
  4 jackals (D:2)
  3 kobolds
  2 quokkas
  6 bats
  5 giant newts
  3 goblins (D:1)
  A rat (D:1)
35 creatures vanquished.

Notes
Turn   | Place    | Note
--------------------------------------------------------------
     0 | D:1      | 4thArraOfDagon the Demonspawn Chaos Knight began the quest for the Orb.
     0 | D:1      | Reached XP level 1. HP: 18/18 MP: 1/1
    62 | D:2      | XOM: butterfly on damage
    65 | D:2      | Gained mutation: You are partially covered in yellow scales (AC +2). [demonic ancestry]
    65 | D:2      | Reached XP level 2. HP: 12/24 MP: 2/2
   190 | D:4      | Noticed a big kobold
   190 | D:4      | Noticed chonchonts's ghost (novice OpCj)
   192 | D:4      | Noticed an ogre
   314 | D:1      | Gained mutation: Your flesh is heat resistant. [demonic ancestry]
   314 | D:1      | Reached XP level 3. HP: 25/29 MP: 3/3
   325 | D:1      | XOM: silly message
   502 | D:3      | Noticed Sigmund
   521 | D:3      | XOM: potion effect (agility)
   529 | D:3      | fuck
   613 | D:4      | rly
   616 | D:4      | Slain by an adder

Vault maps used:
D:1:      dpeg_arrival_rhombus, minmay_misc_feat_roman, lemuel_another_geyser
D:2:      lemuel_doored_altar, tgw_trog, roderic_roman_lattice,
          minmay_rats_cheesy_pizza
D:3:      lemuel_crystal_altar, uniq_terence, uniq_sigmund
D:4:      kennysheep_mini

Action                   || total
-------------------------++-------
Melee: Hand axe          ||   107
Throw: Javelin           ||     4
  Use: Potion            ||     4
       Scroll            ||     2
